 Dungeon Crawl Stone Soup version 0.28-a0-984-g3775c662fe (webtiles) character file.

Game seed: 4058618514449516783

188799 siradein the Warrior (level 17, -4/156 HPs)
             Began as a Demonspawn Fighter on Dec 4, 2021.
             Was an Initiate of Gozag.
             Killed from afar by a naga mage (17 damage)
             ... with a bolt of poison
             ... on level 2 of the Snake Pit.
             The game lasted 01:22:46 (43969 turns).

siradein the Warrior (Demonspawn Fighter)          Turns: 43969, Time: 01:22:48

Health: -4/156     AC: 37    Str: 20    XL:     17   Next: 48%
Magic:  0/29       EV:  4    Int: 15    God:    Gozag
Gold:   1644       SH: 20    Dex: 16    Spells: 33/33 levels left

rFire   + + .      SeeInvis +   q - +11 demon blade of Summertime {venom, rElec rF+ rC-}
rCold   + + .      Faith    .   K - +2 kite shield {AC+3}
rNeg    . . .      Spirit   +   U - +3 crystal plate armour {rC+}
rPois   .          Reflect  +   Z - +2 helmet {SInv}
rElec   +          Harm     .   t - scarf {rC+ rF+}
rCorr   .          Rampage  .   a - +0 pair of gloves {hurl}
Will    +....                   L - +2 pair of boots
Stlth   ..........              s - amulet of reflection
HPRegen 0.36/turn               c - +4 ring of slaying
MPRegen 0.42/turn               T - ring of protection from cold

@: lethally poisoned (-4 -> -69), slowed, studying Fighting, very slow
A: hooves 2, ignite blood 2, robust 1, magic shield, magic regeneration, magic
link, big brain 2
}: 1/15 runes: decaying
a: Renounce Religion, Potion Petition, Call Merchant, Bribe Branch


You were on level 2 of the Snake Pit.
You worshipped Gozag.
Gozag was most pleased with you.
You visited 6 branches of the dungeon, and saw 30 of its levels.
You also visited: Sewer, Ossuary, Bailey and Ice Cave.

You collected 13882 gold pieces.
You spent 5363 gold pieces at shops.
You paid 6875 gold pieces to Gozag.

Inventory:

Hand Weapons
 q - the +11 demon blade of Summertime (weapon) {venom, rElec rF+ rC-}
   (You acquired it on level 12 of the Dungeon)

   It poisons the flesh of those it strikes.
   rF:        It protects you from fire.
   rC:        It makes you vulnerable to cold.
   rElec:     It insulates you from electricity.
 N - the +3 rapier of the Unseen Realm {vorpal, rElec Str+7}
   (You found it on level 1 of the Lair of Beasts)

   It inflicts extra damage upon your enemies.
   Str:       It affects your strength (+7).
   rElec:     It insulates you from electricity.
 S - the +11 hunting sling "Riyn" {vorpal, rF++}
   (You found it on level 3 of the Lair of Beasts)

   Any ammunition fired from it inflicts extra damage upon your enemies.
   rF:        It greatly protects you from fire.
Missiles
 y - 9 throwing nets (quivered)
 P - 834 stones
 Q - 289 sling bullets
Armour
 a - a +0 pair of gloves of hurling (worn)
 t - a scarf of resistance (worn)
 K - a +2 kite shield of protection (worn)
 L - a +2 pair of boots (worn)
 U - a +3 crystal plate armour of cold resistance (worn)
 Z - a +2 helmet of see invisible (worn)
Jewellery
 c - a +4 ring of slaying (left hand)
 k - a ring of positive energy
 s - an amulet of reflection (around neck)
 H - a ring of see invisible
 R - a ring of resist corrosion
 T - a ring of protection from cold (right hand)
Wands
 f - a wand of charming (7)
 g - a wand of polymorph (40)
 i - a wand of digging (19)
 n - a wand of flame (72)
 w - a wand of paralysis (6)
 C - a wand of acid (4)
 E - a wand of iceblast (9)
 I - a wand of mindburst (3)
Scrolls
 b - 9 scrolls of blinking
 h - 6 scrolls of enchant weapon
 m - 18 scrolls of teleportation
 o - 3 scrolls of amnesia
 p - 6 scrolls of fear
 u - 4 scrolls of magic mapping
 D - 10 scrolls of brand weapon
 J - 5 scrolls of immolation
 M - 5 scrolls of fog
 V - 3 scrolls of summoning
 X - a scroll of silence
Potions
 d - 9 potions of might
 e - 9 potions of heal wounds
 j - 3 potions of cancellation
 l - 6 potions of haste
 r - 14 potions of curing
 v - 3 potions of resistance
 x - 8 potions of mutation
 z - 3 potions of magic
 A - 4 potions of brilliance
 B - 4 potions of lignification
 F - 5 potions of flight
 G - 3 potions of ambrosia
 O - 2 potions of invisibility
 Y - a potion of berserk rage
Miscellaneous
 W - a lightning rod (4/4)


   Skills:
 + Level 15.3 Fighting
 + Level 13.0 Long Blades
 + Level 8.1 Slings
 + Level 13.2 Armour
 + Level 13.3 Shields
 + Level 8.6 Spellcasting
 + Level 10.2 Evocations


You had 33 spell levels left.
You didn't know any spells.
Your spell library contained the following spells:

 Spells                   Type           Power      Damage    Failure   Level
 Animate Skeleton         Necr           12%        N/A       100%        1
 Apportation              Tloc           12%        N/A       100%        1
 Slow                     Hex            24%        N/A       100%        1
 Summon Small Mammal      Summ           24%        N/A       100%        1
 Corpse Rot               Necr/Air       12%        N/A       100%        2
 Sublimation of Blood     Necr           6%         N/A       100%        2
 Wereblood                Tmut           6%         N/A       100%        2
 Confusing Touch          Hex            6%         N/A       100%        3
 Inner Flame              Hex/Fire       6%         N/A       100%        3
 Portal Projectile        Hex/Tloc       12%        N/A       100%        3
 Animate Armour           Summ/Erth      12%        N/A       100%        4
 Cause Fear               Hex            3%         N/A       100%        4
 Dispel Undead            Necr           6%         3d8       100%        4
 Flame Wave               Conj/Fire      6%         2d4       100%        4
 Fulminant Prism          Conj/Hex       3%         3d6       100%        4
 Iskenderun's Mystic Bla  Conj/Tloc      6%         2d4       100%        4
 Leda's Liquefaction      Hex/Erth       3%         N/A       100%        4
 Blade Hands              Tmut           3%         N/A       100%        5
 Excruciating Wounds      Necr           3%         N/A       100%        5
 Fireball                 Conj/Fire      3%         3d4       100%        5
 Iskenderun's Battlesphe  Conj           6%         2d6       100%        5
 Lee's Rapid Deconstruct  Erth           3%         3d6*      100%        5
 Yara's Violent Unravell  Hex/Tmut       3%         3d4       100%        5
 Death Channel            Necr           3%         N/A       100%        6
 Iron Shot                Conj/Erth      3%         9d2       100%        6
 Starburst                Conj/Fire      3%         6d3       100%        6
 Statue Form              Tmut/Erth      4%         N/A       100%        6
 Spellforged Servitor     Conj/Summ      3%         N/A       100%        7
 Summon Hydra             Summ           3%         N/A       100%        7
 Discord                  Hex            3%         N/A       100%        8
 Ignition                 Fire           3%         3d4       100%        8
 Lehudib's Crystal Spear  Conj/Erth      3%         10d2      100%        8


Dungeon Overview and Level Annotations

Branches:
Dungeon (15/15)            Temple (1/1) D:5            Lair (6/6) D:11
  Swamp (4/4) Lair:2        Snake (2/4) Lair:4        Slime (0/5) Lair:5
    Orc (2/2) D:12            Elf (0/3) Orc:2        Vaults (0/5) D:14
 Depths (0/4) D:15          Sewer (visited)         Ossuary (visited)
 Bailey (visited)           IceCv (visited)

Altars:
Ashenzari
Cheibriados
Dithmenos
Elyvilon
Fedhas
Gozag
Hepliaklqana
Kikubaaqudgha
Makhleb
Nemelex Xobeh
Okawaru
Qazlal
Ru
Sif Muna
Trog
Uskayaw
Vehumet
Wu Jian
Xom
Yredelemnul
Zin
The Shining One
Beogh

Shops:
D:2 =   D:3 *   D:7 ?   D:11 [   D:12 ?   D:13 [   Orc:2 :[(   Lair:4 =
Snake:1 ?

Annotations:
D:7 2 transporters, RancidPinata's ghost, weakling GrDe


Innate Abilities, Weirdness & Mutations

You have hoof-like feet.
Your demonic aura often causes spilled blood to erupt in flames.
You are robust. (+10% HP)
When hurt, damage is shared between your health and your magic reserves.
You regenerate magic rapidly.
When low on magic, you restore magic in place of health.
You have an extremely huge brain. (Int +4)


Message History

The splash of poison hits you but does no damage.
You are more poisoned.
You block the naga mage's attack. x2
You feel extremely sick.
The naga mage hits you from afar with a +0 spear!!
You block the naga mage's attack. The naga mage spits poison at you.
The splash of poison hits you but does no damage.
You are more poisoned.
The naga warrior spits poison at you.
The splash of poison hits you but does no damage.
You are more poisoned.
You have difficulty breathing.
You feel as though you will be slow longer.
The naga mage casts a spell at you.
The bolt of poison hits the naga mage.
The naga mage is poisoned.
The bolt of poison hits you!
You are more poisoned.
* * * LOW HITPOINT WARNING * * *
You feel extremely sick.
The naga mage gestures at you while chanting.
The bolt of poison hits you!
You are more poisoned.
* * * LOW HITPOINT WARNING * * *
The naga mage points at the naga mage and mumbles some strange words.
The naga mage seems to grow toxic.
The naga mage spits poison at you.
The splash of poison hits you but does no damage.
You are more poisoned.
The naga mage casts a spell at the naga mage.
The naga mage seems to grow toxic.
* * * LOW HITPOINT WARNING * * *
You feel extremely sick.
The naga mage no longer looks unusually strong.
The naga mage gestures at you while chanting.
The bolt of poison hits the naga mage but does no damage.
The bolt of poison hits you!!
You are more poisoned.
You die...
Your body crumbles into a pile of gold.

... ##...# #.........
...####....# #.........
...........# #.........
...........# ##########
...........##################
.........N.##................
........N.○##..<.............
#.....NN.##......#######...
#...##NN..@.....## ########
..... #..........# ..... ###
.... #..........# ..... #..
... #....########.....##.. ..
#....#######.......... .
#.....................
#........)............
#...##......##### ####
#...##..##..##########


You could see a naga warrior (curare), a salamander (strong), 2 naga magi and a
naga (strong, curare).

Vanquished Creatures
  3 tentacled monstrosities
  Jorgrun (D:13)
  Frances (D:12)
  A nagaraja (Snake:2)
  An orc warlord (Orc:2)
  A very ugly thing (D:15)
  5 eleionomae
  4 bunyips
  The ghost of Bihe the Carver, a journeyman HuBe of Trog (Lair:5)
  The ghost of petzl the Covert, a journeyman OpAM of Vehumet (D:13)
  A great orb of eyes (D:15)
  Josephine (Lair:5)
  A shambling mangrove (Swamp:1)
  5 ice dragons
  A rakshasa (D:15)
  Harold (D:9)
  An anaconda (Snake:1)
  18 hydras
  4 boulder beetles
  2 catoblepae (Lair:6)
  Erolcha (D:9)
  7 centaur warriors
  2 death knights
  5 two-headed ogres
  An alligator (Swamp:2)
  6 death yaks (Lair:2)
  5 tengu warriors
  A naga sharpshooter (Snake:2)
  3 orc high priests (Orc:2)
  A deep elf knight (D:13)
  Sonja (D:13)
  Urug (D:11)
  3 goliath frogs
  A skeletal warrior (D:12)
  4 spriggan druids
  6 bog bodies
  A wizard (D:13)
  4 swamp dragons
  A deep elf pyromancer (D:14)
  3 orc knights
  14 ugly things
  5 cyclopes
  5 orc sorcerers
  4 oklob plants (Lair:5)
  A manticore (D:12)
  4 will-o-the-wisps
  Maurice (D:8)
  4 elephants
  A naga mage (Snake:2)
  2 ice statues (IceCv)
  10 black mambas
  Joseph (D:8)
  A cane toad (shapeshifter) (D:15)
  A torpor snail (Lair:6)
  16 cane toads
  A kobold demonologist (D:13)
  An unseen horror (D:12)
  3 tengu conjurers
  4 rime drakes (IceCv)
  10 komodo dragons
  A yaktaur (shapeshifter) (D:13)
  7 freezing wraiths
  7 trolls
  5 polar bears
  16 hornets
  8 tyrant leeches
  A tyrant leech (shapeshifter) (D:15)
  18 slime creatures
  A dream sheep (Lair:6)
  14 blink frogs
  A centaur simulacrum (D:13)
  23 spriggans
  2 shadows (D:11)
  A vampire (D:13)
  The ghost of sirJeffrey23 the Ruffian, an amateur TrGl (D:4)
  6 wraiths
  A ynoxinul (D:13)
  70 yaks
  6 wyverns
  A basilisk (shapeshifter) (D:15)
  3 basilisks
  Grum (D:10)
  2 steam dragons
  14 vampire mosquitoes
  6 swamp worm simulacra (Swamp:4)
  2 wargs
  Edmund (D:6)
  14 swamp worms
  9 nagas
  An acid dragon (D:5)
  12 hydra simulacra (Swamp:4)
  13 water moccasins
  36 orc warriors
  5 black bears
  A swamp drake (Swamp:1)
  A sky beast (D:8)
  2 necrophages (D:7)
  9 ogres
  52 wolves
  3 boggarts (Lair:6)
  16 centaurs
  2 kobold brigands
  2 elf zombies (Ossuary)
  17 bullfrogs
  A two-headed ogre simulacrum (D:11)
  A gnoll sergeant (D:9)
  6 wights (D:7)
  A lindwurm simulacrum (IceCv)
  2 howler monkeys
  5 electric eels
  7 komodo dragon simulacra (IceCv)
  A bullfrog zombie (D:5)
  5 hounds
  4 jellies
  5 centaur zombies
  24 orc priests
  2 centaur skeletons
  A gnoll shaman (D:10)
  5 iguanas
  32 orc wizards
  6 hell rats (Lair:5)
  A killer bee zombie (D:7)
  A spriggan simulacrum (D:11)
  3 hound zombies
  6 mummies
  2 howler monkey zombies
  Robin (D:4)
  5 acid dragon simulacra (IceCv)
  25 gnolls
  A howler monkey skeleton (D:7)
  2 naga simulacra (D:11)
  11 adders
  3 river rats (Sewer)
  2 shadow imps
  2 white imps
  8 steam dragon simulacra (IceCv)
  2 ufetubi (D:5)
  2 swamp drake simulacra (Swamp:4)
  An adder zombie (Ossuary)
  3 worms
  2 dart slugs
  100 orcs
  9 bats
  4 endoplasms
  3 giant cockroaches
  A gnoll zombie (Ossuary)
  23 goblins
  16 hobgoblins
  4 jackals (D:1)
  5 quokkas
  8 ball pythons
  10 frilled lizards
  2 hobgoblin zombies
  A jackal zombie (Ossuary)
  29 kobolds
  2 kobold zombies
  An orc zombie (Ossuary)
  35 rats
  2 rat zombies (Ossuary)
1060 creatures vanquished.

Vanquished Creatures (others)
  An eleionoma (Swamp:4)
  A tengu conjurer (D:15)
  2 bloated husks
  A swamp worm (Swamp:4)
  A kobold (Sewer)
  20 foxfires
  37 fungi
  51 plants
  A withered plant (D:7)
115 creatures vanquished.

Grand Total: 1175 creatures vanquished

Notes
Turn   | Place    | Note
-------+----------+-------------------------------------------
     0 | D:1      | siradein the Demonspawn Fighter began the quest for the
                  | Orb.
     0 | D:1      | Reached XP level 1. HP: 18/18 MP: 1/1
   204 | D:1      | Gained mutation: Your demonic aura sometimes causes spilled
                  | blood to erupt in flames. [demonic ancestry]
   204 | D:1      | Reached XP level 2. HP: 24/24 MP: 2/2
   861 | D:1      | Gained mutation: You have large cloven feet. [demonic
                  | ancestry]
   861 | D:1      | Reached XP level 3. HP: 29/29 MP: 3/3
  1018 | D:1      | Found a faded altar of an unknown god.
  1099 | D:1      | Got Pofaet's Catalogue of Confrontation
  1310 | D:2      | Found Fuihid's Jewellery Shoppe.
  2055 | D:3      | Found Qeji's General Store.
  2074 | D:3      | Reached XP level 4. HP: 35/35 MP: 4/4
  2150 | D:3      | Found an opulent altar of Gozag.
  2281 | D:3      | Became a worshipper of Gozag Ym Sagoz the Greedy
  3158 | D:4      | Noticed Robin
  3438 | D:4      | Killed Robin
  3439 | D:4      | Reached XP level 5. HP: 22/42 MP: 5/5
  3645 | D:4      | Found a transporter.
  3646 | D:4      | Identified the +3 great mace "Jetu" {speed, rPois Str+2
                  | Int+5}
  3646 | D:4      | Noticed an ogre
  3647 | D:4      | Noticed sirJeffrey23's ghost (amateur TrGl)
  3650 | D:4      | Found a transporter.
  3797 | D:4      | Reached skill level 4 in Fighting
  4054 | D:4      | Identified the +1 chain mail of a bazaar {Rampage Fly Dex+8
                  | Stlth-}
  4172 | D:4      | Gained mutation: You have an unusually large brain. (Int
                  | +2) [demonic ancestry]
  4172 | D:4      | Reached XP level 6. HP: 40/48 MP: 6/6
  4873 | D:4      | Found a hide-covered altar of Uskayaw.
  5109 | D:5      | Entered Level 5 of the Dungeon
  5272 | D:5      | Noticed an acid dragon
  5288 | D:5      | Killed an acid dragon
  5429 | D:5      | Found a radiant altar of Vehumet.
  5449 | D:5      | Gained mutation: Your demonic aura often causes spilled
                  | blood to erupt in flames. [demonic ancestry]
  5449 | D:5      | Reached XP level 7. HP: 18/55 MP: 7/7
  5483 | D:5      | Found a glowing drain.
  5627 | Sewer    | Entered a sewer
  6539 | D:5      | Reached skill level 5 in Fighting
  6616 | D:5      | Found a staircase to the Ecumenical Temple.
  6622 | Temple   | Entered the Ecumenical Temple
  7400 | D:5      | Reached skill level 5 in Shields
  7531 | D:5      | Reached skill level 5 in Armour
  7531 | D:5      | Gained mutation: You have an extremely huge brain. (Int +4)
                  | [demonic ancestry]
  7531 | D:5      | Reached XP level 8. HP: 63/63 MP: 8/8
  7783 | D:6      | You are sucked into a shaft and drop 2 floors!
  7922 | D:8      | Noticed Joseph
  7942 | D:8      | Killed Joseph
  7943 | D:8      | Reached skill level 6 in Fighting
  7943 | D:8      | Reached skill level 5 in Long Blades
  8258 | D:8      | Noticed Maurice
  8289 | D:8      | Killed Maurice
  8290 | D:8      | Reached XP level 9. HP: 49/71 MP: 9/9
  8664 | D:8      | Reached skill level 7 in Fighting
  8865 | D:7      | Found a burning altar of Makhleb.
  8932 | D:7      | Noticed a moth of wrath
  8934 | D:7      | Found a transporter.
  8944 | D:7      | Noticed RancidPinata's ghost (weakling GrDe)
  8956 | D:7      | Found a transporter.
  9033 | D:7      | Found a sand-covered staircase.
  9049 | Ossuary  | Entered an ossuary
 10108 | D:6      | Gained mutation: You regenerate magic rapidly. [demonic
                  | ancestry]
 10108 | D:6      | Reached XP level 10. HP: 80/80 MP: 10/10
 10153 | D:6      | Identified the -4 pair of gloves of Hangman {rN+}
 10155 | D:6      | Identified the +5 leather armour of Spite {Rampage rF+
                  | Dex+4}
 10281 | D:6      | Identified the +11 long sword of Mepawew {venom, rC+
                  | Stlth+}
 10375 | D:6      | Noticed Edmund
 10383 | D:6      | Killed Edmund
 10384 | D:6      | Reached skill level 8 in Fighting
 11166 | D:7      | Found a snail-covered altar of Cheibriados.
 11275 | D:7      | Bought a scroll of identify for 28 gold pieces
 11275 | D:7      | Bought a scroll of fog for 28 gold pieces
 11275 | D:7      | Bought a scroll of identify for 28 gold pieces
 11275 | D:7      | Bought a scroll of noise for 14 gold pieces
 11275 | D:7      | Bought a scroll of enchant armour for 105 gold pieces
 11275 | D:7      | Bought a scroll of fear for 49 gold pieces
 11275 | D:7      | Bought a scroll of enchant weapon for 105 gold pieces
 11380 | D:8      | Found an iron altar of Okawaru.
 12045 | D:4      | Killed sirJeffrey23's ghost
 12271 | D:9      | Noticed Harold
 12284 | D:9      | Killed Harold
 12402 | D:9      | Found a shimmering blue altar of Sif Muna.
 12622 | D:9      | Noticed a four-headed hydra
 13000 | D:9      | Killed a four-headed hydra
 13001 | D:9      | Reached skill level 9 in Fighting
 13214 | D:9      | Noticed Erolcha
 13233 | D:9      | Reached XP level 11. HP: 89/89 MP: 11/11
 13302 | D:9      | Killed Erolcha
 13429 | D:9      | Noticed a two-headed ogre
 13448 | D:9      | Killed a two-headed ogre
 13544 | D:10     | Entered Level 10 of the Dungeon
 13592 | D:10     | Noticed a six-headed hydra
 13690 | D:10     | Noticed Grum
 13936 | D:10     | Killed Grum
 14122 | D:10     | Found a basalt altar of Yredelemnul.
 14375 | D:10     | Found a sacrificial altar of Ru.
 14520 | D:10     | Killed a six-headed hydra
 14869 | D:11     | Found a frozen archway.
 14893 | IceCv    | Entered an ice cave
 16049 | IceCv    | Noticed an ice dragon
 16061 | IceCv    | Killed an ice dragon
 16062 | IceCv    | Reached skill level 10 in Fighting
 16360 | D:11     | Bought a crude plate armour for 840 gold pieces
 16360 | D:11     | Identified the +1 plate armour of the Scribe {rElec Will+
                  | Str+4 Dex-2} (You bought it in a shop on level 11 of the
                  | Dungeon)
 16366 | D:11     | Noticed Urug
 16373 | D:11     | Noticed a four-headed hydra
 16380 | D:11     | Killed Urug
 16385 | D:11     | Killed a four-headed hydra
 17004 | D:11     | Gained mutation: When hurt, damage is shared between your
                  | health and your magic reserves. [demonic ancestry]
 17004 | D:11     | Reached XP level 12. HP: 80/98 MP: 12/12
 17175 | D:11     | Found a staircase to the Lair.
 18000 | Lair:1   | Entered Level 1 of the Lair of Beasts
 18190 | Lair:1   | Reached skill level 1 in Evocations
 18637 | Lair:1   | Identified the +5 ring mail of Fortification {Str+2 Dex+5}
 18684 | Lair:1   | Identified the +3 rapier of the Unseen Realm {vorpal, rElec
                  | Str+7}
 18965 | Lair:1   | Reached skill level 10 in Shields
 19124 | Lair:2   | Noticed a seven-headed hydra
 19133 | Lair:2   | Killed a seven-headed hydra
 19134 | Lair:2   | Reached skill level 10 in Armour
 19225 | Lair:2   | Noticed a death yak
 19225 | Lair:2   | Noticed a death yak
 19227 | Lair:2   | Noticed a death yak
 19234 | Lair:2   | Killed a death yak
 19235 | Lair:2   | Reached skill level 11 in Fighting
 19238 | Lair:2   | Killed a death yak
 19245 | Lair:2   | Killed a death yak
 19369 | Lair:2   | Found a staircase to the Swamp.
 19428 | Lair:2   | Reached skill level 10 in Long Blades
 19469 | Lair:2   | Noticed a four-headed hydra
 19479 | Lair:2   | Killed a four-headed hydra
 19587 | Lair:2   | Reached skill level 1 in Spellcasting
 19777 | Lair:2   | Noticed a death yak
 19779 | Lair:2   | Noticed a death yak
 19780 | Lair:2   | Noticed a death yak
 19785 | Lair:2   | Killed a death yak
 19791 | Lair:2   | Killed a death yak
 19795 | Lair:2   | Killed a death yak
 20562 | Lair:3   | Gained mutation: When low on magic, you restore magic in
                  | place of health. [demonic ancestry]
 20562 | Lair:3   | Reached XP level 13. HP: 102/106 MP: 14/16
 21183 | Lair:3   | Identified the +11 hunting sling "Riyn" {vorpal, rF++}
 23403 | Lair:4   | Reached skill level 1 in Slings
 23539 | Lair:4   | Found a staircase to the Snake Pit.
 24100 | Lair:5   | Identified a scroll of acquirement
 24103 | Lair:5   | Reached skill level 5 in Evocations
 24103 | Lair:5   | Reached XP level 14. HP: 114/114 MP: 17/19
 24156 | Lair:5   | Acquired 705 gold pieces
 24349 | Lair:5   | Reached skill level 12 in Fighting
 24406 | Lair:4   | Bought a +4 ring of slaying for 1248 gold pieces
 24576 | Lair:5   | Found a runed translucent door.
 24576 | Lair:5   | Noticed Bihe's ghost (journeyman HuBe)
 25258 | Lair:5   | Found a staircase to the Slime Pits.
 25538 | Lair:5   | Noticed Josephine
 25545 | Lair:5   | Killed Josephine
 25908 | Lair:5   | Killed Bihe's ghost
 26106 | Lair:6   | Entered Level 6 of the Lair of Beasts
 26303 | Lair:6   | Reached skill level 5 in Spellcasting
 26660 | Lair:6   | Reached XP level 15. HP: 100/122 MP: 18/22
 27398 | Lair:6   | Reached skill level 5 in Slings
 28540 | D:12     | Noticed Frances
 28559 | D:12     | Killed Frances
 28715 | D:12     | Bought a scroll of acquirement for 780 gold pieces
 28715 | D:12     | Bought a scroll of identify for 30 gold pieces
 28761 | D:12     | Acquired the +11 demon blade of Summertime {venom, rElec
                  | rF+ rC-}
 29009 | D:12     | Found a staircase to the Orcish Mines.
 29434 | Orc:1    | Entered Level 1 of the Orcish Mines
 29611 | Orc:1    | Found a bloodstained altar of Trog.
 29952 | Orc:2    | Entered Level 2 of the Orcish Mines
 30261 | Orc:2    | Found a staircase to the Elven Halls.
 30488 | Orc:2    | Found Cevaf's Book Shoppe.
 30660 | Orc:2    | Noticed an orc warlord
 30682 | Orc:2    | Killed an orc warlord
 30683 | Orc:2    | Reached skill level 13 in Fighting
 31340 | Orc:2    | Found Ricadgh Xala's Antique Armour Shoppe.
 31352 | Orc:2    | Found Asiud's Antique Weapon Emporium.
 31550 | Orc:2    | Found Ysaixkou's Armour Emporium.
 31933 | D:13     | Noticed Sonja
 31941 | D:13     | Killed Sonja
 32028 | D:13     | Found a flagged portal.
 32045 | Bailey   | Entered a bailey
 32146 | Bailey   | Found an iron altar of Okawaru.
 33058 | D:13     | Noticed Jorgrun
 33078 | D:13     | Killed Jorgrun
 33132 | D:13     | Acquired a manual of Fighting
 33134 | D:13     | Acquired 762 gold pieces
 33299 | D:13     | Gained mutation: You have hoof-like feet. [demonic
                  | ancestry]
 33299 | D:13     | Reached XP level 16. HP: 125/131 MP: 26/26
 33306 | D:13     | Bought a +2 helmet of see invisible for 365 gold pieces
 33306 | D:13     | Bought a +0 pair of gloves of hurling for 195 gold pieces
 33316 | D:13     | Bought a scarf of resistance for 544 gold pieces
 33484 | D:13     | Found a runed translucent door.
 33484 | D:13     | Noticed petzl's ghost (journeyman OpAM)
 34146 | D:13     | Killed petzl's ghost
 34320 | D:13     | Got Dispater's Handbook of Stones
 34519 | D:3      | Bought a scroll of blinking for 105 gold pieces
 34519 | D:3      | Bought 19 sling bullets for 133 gold pieces
 34519 | D:3      | Bought a scroll of blinking for 105 gold pieces
 34519 | D:3      | Bought 17 sling bullets for 119 gold pieces
 34519 | D:3      | Bought a potion of might for 56 gold pieces
 35055 | D:13     | HP: 6/131 [??? (2)]
 36037 | D:14     | Found a gate to the Vaults.
 36531 | D:15     | Entered Level 15 of the Dungeon
 36639 | D:15     | Reached skill level 14 in Fighting
 36773 | D:15     | Identified the +1 ring mail of Anarchy {+Blink Fly Slay+3}
 37277 | D:15     | Found a staircase to the Depths.
 37343 | D:15     | Identified the +2 chain mail of Indemnity {rF+ rCorr Str+4
                  | Stlth+}
 37470 | Swamp:1  | Entered Level 1 of the Swamp
 38543 | Swamp:2  | Noticed a tentacled monstrosity
 38558 | Swamp:2  | Killed a tentacled monstrosity
 39001 | Swamp:2  | Gained mutation: You are robust. (+10% HP) [demonic
                  | ancestry]
 39001 | Swamp:2  | Reached XP level 17. HP: 121/154 MP: 26/29
 39573 | Swamp:2  | Noticed a tentacled monstrosity
 39581 | Swamp:2  | Killed a tentacled monstrosity
 39919 | Swamp:3  | Noticed a tentacled monstrosity
 39932 | Swamp:3  | Killed a tentacled monstrosity
 40637 | Swamp:4  | Entered Level 4 of the Swamp
 40805 | Swamp:3  | Reached skill level 10 in Evocations
 41158 | Swamp:3  | Reached skill level 15 in Fighting
 42857 | Swamp:4  | Got a decaying rune of Zot
 43032 | Snake:1  | Entered Level 1 of the Snake Pit
 43179 | Snake:1  | Bought a scroll of teleportation for 54 gold pieces
 43179 | Snake:1  | Bought a scroll of teleportation for 54 gold pieces
 43179 | Snake:1  | Bought a scroll of teleportation for 54 gold pieces
 43179 | Snake:1  | Bought a scroll of fog for 36 gold pieces
 43179 | Snake:1  | Bought a scroll of immolation for 63 gold pieces
 43179 | Snake:1  | Bought a scroll of summoning for 171 gold pieces
 43179 | Snake:1  | Bought a scroll of teleportation for 54 gold pieces
 43969 | Snake:2  | Killed from afar by a naga mage

Illustrated notes

Levels and vault maps discovered:
D:1:      lemuel_arrival_lava_pool, layout_loops_ring,
          hellmonk_ecumenical_altar_crossroads, minmay_rat_gold_closets
D:2:      layout_basic, serial_shops, nicolae_shop_advertising_works
          [nicolae_subvault_shop_adworks]
D:3:      wad_lake_hut, layout_loops_ring, amcnicky_altar_gilded, serial_shops,
          shop, kennysheep_cluttered_room, serial_park_tiny_2,
          minmay_misc_feat_alley
D:4:      layout_basic, mainiacjoe_overflow_brackets, gammafunk_ghost_smash,
          uniq_robin
D:5:      kb_forest_paths, layout_basic, vehumet_altar_wand_db,
          minmay_temple_entry_hall, cheibrodos_sewer_entry_bend
D:6:      layout_basic, uniq_edmund
D:7:      layout_basic, chei_slow_surprise, makhleb_heckhound_becter,
          gammafunk_ghost_berserking_beasts, nicolae_ossuary_entry_giza,
          serial_undead, serial_undead_e, serial_undead_a, serial_undead_b,
          serial_undead_a
D:8:      layout_basic, okawaru_metal_pillars_3, uniq_maurice, uniq_joseph
D:9:      layout_roguey, nicolae_sif_muna_condensation,
          minmay_tree_intersection, uniq_harold, uniq_erolcha
D:10:     layout_rooms, nicolae_overflow_crystal_walls,
          nicolae_ru_the_path_less_chosen, uniq_grum
D:11:     layout_layer_cave, minmay_lair_entry_grove,
          portal_ice_cave_entry_ice_simulacra, uniq_urug
D:12:     layout_small_grid, david_orc_3, uniq_frances
D:13:     minmay_connected_boxes_in_corner, layout_cross,
          hellmonk_ghost_big_iron, enter_bailey_4, dk_noncrumbling_4,
          uniq_jorgrun, uniq_sonja
D:14:     layout_cave_pools, david_vaults_1, minmay_misc_feat_five, st_stairs_13
D:15:     gammafunk_enter_depths_forms, layout_rooms, chequers_avenue
Temple:   nicolae_temple_figure_eight
Lair:1:   layout_loops_ring, serial_bayou_ford_a,
          eino_small_chamber_without_monster, grunt_megastairs_3,
          serial_bayou_shore_a, infiniplex_staircase_pool_2
Lair:2:   layout_hall_layers, swamp_mist
Lair:3:   layout_gridlike, grunt_megastairs_4
Lair:4:   layout_loops_ring, minmay_snake_entry_guardpost_small,
          grunt_megastairs_2
Lair:5:   nzn_winding_woodlands_small [nzn_winding_woodlands_5x15_lazy_stream,
          nzn_winding_woodlands_center_triple_pond,
          nzn_winding_woodlands_5x15_pockets], layout_cellular_growth,
          minmay_slime_entry_oklob_open, hellmonk_ghost_happy_afterlife,
          beast_lair_carwin_1, uniq_josephine
Lair:6:   minmay_lair_end_enchanted_forest, layout_small_grid
Swamp:1:  layout_basic_swamp, serial_swamp_ruin, evilmike_swamp_ruin_house_1,
          evilmike_swamp_ruin_rubble_2, swamp_pool1, nicolae_swamp_big_swirl
Swamp:2:  layout_falls_marsh, evilmike_swamp_ruin_wall
Swamp:3:  layout_basic_swamp, evilmike_swamp_ruin_house_5
Swamp:4:  swamp_icy, layout_basic_swamp
Snake:1:  layout_misc_corridors, abandoned_shop, nicolae_snake_linked_coils,
          lemuel_fruit_tree
Snake:2:  layout_grid_maze, guppyfry_library_mini
Orc:1:    layout_caves, basic_altar
Orc:2:    grunt_orc_community_town_hall, layout_diamond_mine,
          grunt_orc_community_big_house_2, grunt_orc_community_big_house_2,
          grunt_orc_community_house_2, grunt_orc_community_house_2,
          grunt_orc_community_house_2, grunt_orc_community_house_3,
          grunt_orc_community_house_3, grunt_orc_community_house_3

Skill      XL: |  1  2  3  4  5  6  7  8  9 10 11 12 13 14 15 16 17 |
---------------+----------------------------------------------------+-----
Long Blades    | 2 3 4 5 6 8 9 10 11 12 13 | 13.0
Shields        | 3 4 5 6 7 8 9 10 11 12 13 | 13.3
Armour         | 3 4 5 6 7 8 9 10 11 12 13 | 13.2
Fighting       | 4 5 6 7 9 10 11 12 13 14 15 | 15.3
Evocations     | 4 5 6 8 9 10 | 10.2
Spellcasting   | 2 3 5 6 8 |  8.6
Slings         | 2 4 6 7 8 |  8.1

Action                   |  1- 3 |  4- 6 |  7- 9 | 10-12 | 13-15 | 16-18 || total
-------------------------+-------+-------+-------+-------+-------+-------++-------
Melee: Long sword        |   141 |    33 |       |   460 |   613 |       ||  1247
       Falchion          |       |   203 |   632 |    16 |       |       ||   851
       Unarmed           |       |     6 |       |       |       |       ||     6
       Great mace        |       |       |       |     4 |       |       ||     4
       Flail             |       |       |       |     7 |       |       ||     7
       Rapier            |       |       |       |    15 |    38 |    25 ||    78
       Demon blade       |       |       |       |       |   416 |   797 ||  1213
 Fire: Hand crossbow     |       |       |       |     2 |       |       ||     2
       Hunting sling     |       |       |       |       |    20 |     4 ||    24
Throw: Dart              |       |       |    12 |       |       |       ||    12
       Throwing net      |       |       |       |       |       |     1 ||     1
Invok: Call Merchant     |       |       |       |     2 |     2 |     2 ||     6
       Potion Petition   |       |       |       |     1 |       |       ||     1
  Use: Scroll            |       |     3 |     8 |     8 |    17 |     1 ||    37
       Potion            |       |     2 |     1 |     1 |     1 |     3 ||     8
 Stab: Distracted        |       |       |       |     7 |    17 |     4 ||    28
       Sleeping          |       |       |       |     2 |       |       ||     2
       Invisible         |       |       |       |     1 |       |       ||     1
       Petrified         |       |       |       |       |     2 |       ||     2
Armor: Scale mail        |    57 |     3 |       |       |       |       ||    60
       Ring mail         |       |   100 |       |       |       |       ||   100
       Skin              |       |     1 |       |       |       |       ||     1
       Chain mail        |       |    73 |   440 |     5 |       |       ||   518
       Leather armour    |       |       |       |    88 |       |       ||    88
       Crystal plate arm |       |       |       |    89 |   525 |   509 ||  1123
Dodge: Dodged            |    59 |   142 |   206 |   106 |    59 |    79 ||   651
Block: Buckler           |    37 |    83 |   452 |   162 |       |       ||   734
       Reflection        |       |     2 |     3 |     5 |    21 |    49 ||    80
       Other             |       |       |       |     2 |       |       ||     2
       Kite shield       |       |       |       |   100 |   844 |   644 ||  1588

Table legend: (Time is in decaauts)
 A = Elapsed time spent in this place.
 B = Non-inter-level travel time spent in this place.
 C = Inter-level travel time spent in this place.
 D = Time resting spent in this place.
 E = Time spent auto-exploring this place.
 F = Levels seen in this place.
 G = Mean time per level.
                   A        B        C        D        E       F      G
               +--------+--------+--------+--------+--------+-----+--------+
         Total |  44188 |  40942 |   3246 |   4921 |  27004 |  34 | 1299.6 |
       Dungeon |  21980 |  19862 |   2118 |   2440 |  12739 |  15 | 1465.3 |
        Temple |    235 |    235 |      0 |      0 |    188 |   1 |  235.0 |
          Lair |   9442 |   8540 |    902 |    232 |   6924 |   6 | 1573.7 |
         Swamp |   5636 |   5484 |    152 |   1334 |   3142 |   4 | 1409.0 |
     Snake Pit |    925 |    890 |     35 |      0 |    790 |   2 |  462.5 |
  Orcish Mines |   2410 |   2374 |     36 |    338 |   1351 |   2 | 1205.0 |
         Sewer |    834 |    834 |      0 |      0 |    529 |   1 |  834.0 |
       Ossuary |    340 |    340 |      0 |      0 |    183 |   1 |  340.0 |
        Bailey |    922 |    922 |      0 |    103 |    523 |   1 |  922.0 |
      Ice Cave |   1461 |   1461 |      0 |    473 |    634 |   1 | 1461.0 |
               +--------+--------+--------+--------+--------+-----+--------+

Top non-repeatable levels by time:
    D:13: 2481 daAuts
     D:3: 2277 daAuts
  Lair:6: 2227 daAuts
  Lair:5: 2096 daAuts
 Swamp:3: 1997 daAuts
     D:8: 1886 daAuts
     D:5: 1836 daAuts
     D:7: 1805 daAuts
    D:11: 1785 daAuts
     D:4: 1781 daAuts
     D:9: 1641 daAuts
   IceCv: 1461 daAuts
 Swamp:2: 1442 daAuts
  Lair:2: 1433 daAuts
     D:1: 1391 daAuts
